 Dungeon Crawl Stone Soup version 0.30.1 (webtiles) character file.

Game seed: 13665924191442497494

9748 Peloso the Carver (level 11, -5/97 HPs)
             Began as a Minotaur Fighter on July 12, 2023.
             Was an Elder of Okawaru.
             Slain by a komodo dragon (6 damage)
             ... on level 2 of the Lair of Beasts.
             The game lasted 00:21:34 (10402 turns).

Peloso the Carver (Minotaur Fighter)               Turns: 10402, Time: 00:21:35

Health: -5/97      AC: 17    Str: 22    XL:     11   Next: 27%
Magic:  11/11      EV:  9    Int:  5    God:    Okawaru [****..]
Gold:   549        SH:  0    Dex: 13    Spells: 10/10 levels left

rFire   + . .        a - +0 long sword
rCold   . . .        d - +0 kite shield
rNeg    . . .        D - +2 chain mail {rF+}
rPois   .            (helmet restricted)
rElec   .            (no cloak)
rCorr   .            (no gloves)
SInv    .            (no boots)
Will    .....        y - amulet of regeneration Stlth
                     k - +4 ring of protection
HPRegen 1.16/turn    (no ring)
MPRegen 0.12/turn

%: no passive effects
@: confused, ambrosia-drunk
A: horns 2, retaliatory headbutt
a: Renounce Religion, Heroism, Finesse


You were on level 2 of the Lair of Beasts.
You worshipped Okawaru.
Okawaru was greatly pleased with you.
You visited 3 branches of the dungeon, and saw 14 of its levels.

You collected 549 gold pieces.

Inventory:

Hand Weapons
 a - a +0 long sword (weapon)
 b - a +1 short sword of flaming
Missiles
 B - 2 throwing nets (quivered)
Armour
 c - a +0 chain mail
 d - a +0 kite shield (worn)
 w - a +0 plate armour
 D - a +2 chain mail of fire resistance (worn)
 E - +0 ice dragon scales
Jewellery
 k - a +4 ring of protection (left hand)
 y - an amulet of regeneration (around neck)
 z - a ring of fire
Wands
 p - a wand of quicksilver (11)
 s - a wand of roots (19)
 A - a wand of flame (6)
Scrolls
 f - 2 scrolls of teleportation
 i - a scroll of brand weapon
 l - 4 scrolls of enchant weapon
 o - a scroll of magic mapping {unknown}
 q - 3 scrolls of enchant armour {unknown}
 u - a scroll of immolation {unknown}
 v - 2 scrolls of fog {unknown}
 x - a scroll of silence {unknown}
 F - a scroll of amnesia {unknown}
 G - a scroll of identify
Potions
 h - a potion of flight
 j - a potion of cancellation
 m - a potion of might
 n - 2 potions of brilliance
 r - a potion of magic
 C - 2 potions of resistance {unknown}


   Skills:
 + Level 9.6 Fighting
 + Level 13.0 Long Blades
 + Level 10.9 Armour
 + Level 4.0 Dodging
 + Level 0.4 Stealth
 + Level 9.0 Shields
 + Level 1.6 Invocations
 + Level 1.7 Evocations


You had 10 spell levels left.
You didn't know any spells.
Your spell library contained the following spells:

 Spells                   Type           Power      Damage    Failure   Level
 Magic Dart               Conj           0%         1d3       99%         1
 Cigotuvi's Dreadful Rot  Necr/Pois/Air  0%         N/A       100%        2
 Gell's Gravitas          Tloc           0%         N/A       100%        3
 Mephitic Cloud           Conj/Pois/Air  0%         N/A       100%        3
 Teleport Other           Tloc           0%         N/A       100%        3
 Dispel Undead            Necr           0%         3d6       100%        4
 Passage of Golubria      Tloc           0%         N/A       100%        4
 Borgnjor's Vile Clutch   Necr/Erth      0%         N/A       100%        5
 Silence                  Hex/Air        0%         N/A       100%        5
 Dispersal                Tloc           0%         N/A       100%        6
 Storm Form               Tmut/Air       0%         N/A       100%        7
 Lehudib's Crystal Spear  Conj/Erth      0%         10d2      100%        8
 Maxwell's Capacitive Co  Air            0%         ∞         100%        8
 Call Imp                 Summ           Unusable   N/A       N/A         2
 Animate Dead             Necr           Unusable   N/A       N/A         4
 Summon Lightning Spire   Summ/Air       Unusable   N/A       N/A         4
 Death Channel            Necr           Unusable   N/A       N/A         6

Dungeon Overview and Level Annotations

Branches:
Dungeon (11/15)            Temple (1/1) D:5            Lair (2/5) D:9
  Swamp: Lair:2-3    Shoals: Lair:2-3     Snake: Lair:2-3    Spider: Lair:2-3
    Orc: D:9-12

Altars:
Ashenzari
Elyvilon
Fedhas
Gozag
Hepliaklqana
Kikubaaqudgha
Makhleb
Nemelex Xobeh
Okawaru
Qazlal
Ru
Sif Muna
Trog
Uskayaw
Vehumet
Zin
The Shining One

Shops:
D:4 :


Innate Abilities, Weirdness & Mutations

You have a pair of horns on your head.
You reflexively headbutt those who attack you in melee.


Message History

The komodo dragon is severely wounded.
You block the cane toad's attack. You block the komodo dragon's attack.
You closely miss the komodo dragon. Your headbutt misses the komodo dragon.
The komodo dragon is severely wounded.
You block the cane toad's attack.
You slash the komodo dragon! Your headbutt misses the komodo dragon.
The komodo dragon is almost dead.
You block the cane toad's attack. You block the komodo dragon's attack.
You completely miss the komodo dragon.
The komodo dragon is almost dead.
The cane toad stings you!
* * * LOW HITPOINT WARNING * * *
The komodo dragon closely misses you.
You feel better. You block the cane toad's attack.
You block the komodo dragon's attack.
You feel better. The cane toad stings you.
* * * LOW HITPOINT WARNING * * *
You are lethally poisoned!
The cane toad poisons you! You block the komodo dragon's attack.
The cane toad closely misses you.
You feel better. You block the komodo dragon's attack.
The cane toad stings you!
* * * LOW HITPOINT WARNING * * *
You feel better.
The komodo dragon bites you but does no damage.
The cane toad stings you!
* * * LOW HITPOINT WARNING * * *
You feel better. You block the cane toad's attack.
You block the komodo dragon's attack.
You are confused.
You feel invigorated. The cane toad stings you!
* * * LOW HITPOINT WARNING * * *
The komodo dragon bites you but does no damage.
You hit the komodo dragon but do no damage.
You headbutt the komodo dragon, but do no damage.
The komodo dragon is almost dead.
The cane toad stings you!
* * * LOW HITPOINT WARNING * * *
The komodo dragon bites you.
You die...

## ####.###.
####P.......
######..PP..P....
#.......l@.......
##.#...>.F#..####.
#..†........##
#..<........#
#........##.#
.......P##.## .#
.........##.# ..
#.##....###.P .~~
# ##...#


You could see a komodo dragon and a cane toad.

Vanquished Creatures
  Harold (D:8)
  2 two-headed ogres
  A rime drake (D:8)
  3 polar bears (D:9)
  Prince Ribbit (D:9)
  A vampire (D:10)
  A wyvern (D:8)
  11 yaks
  Eustachio (D:4)
  4 water moccasins
  A warg (D:10)
  An acid dragon (D:9)
  5 orc warriors
  A black bear (Lair:1)
  5 ice beasts (D:9)
  3 sky beasts
  An ogre (D:7)
  2 wolves
  A centaur (D:7)
  4 phantoms
  A kobold brigand (D:10)
  A spectral wyvern (D:7)
  2 gnoll sergeants
  2 bullfrogs
  4 scorpions
  8 wights
  3 killer bees (D:10)
  2 electric eels (D:7)
  A howler monkey (D:5)
  A centaur zombie (D:7)
  A bullfrog zombie (D:7)
  2 jellies
  4 hounds
  A gnoll bouda (D:8)
  7 orc priests
  A sleepcap (D:5)
  7 orc wizards
  A spectral howler monkey (D:7)
  15 gnolls
  7 adders
  3 white imps
  An ufetubus (D:6)
  3 dart slugs
  38 orcs
  7 endoplasms
  4 giant cockroaches
  13 goblins
  9 hobgoblins
  14 kobolds
  2 quokkas
  5 ball pythons
  2 bats
  5 frilled lizards
  9 rats
236 creatures vanquished.

Vanquished Creatures (others)
  An orc wizard (D:9)
1 creature vanquished.

Grand Total: 237 creatures vanquished

Notes
Turn   | Place    | Note
-------+----------+-------------------------------------------
     0 | D:1      | Peloso the Minotaur Fighter began the quest for the Orb.
     0 | D:1      | Reached XP level 1. HP: 19/19 MP: 0/0
   144 | D:1      | Reached XP level 2. HP: 25/27 MP: 1/1
   430 | D:1      | Reached XP level 3. HP: 30/33 MP: 2/2
  1296 | D:2      | Reached skill level 3 in Long Blades
  1959 | D:3      | Reached XP level 4. HP: 34/40 MP: 3/3
  2645 | D:4      | Found Sunetaot's Vocational Training.
  3079 | D:4      | Noticed Eustachio
  3102 | D:4      | Killed Eustachio
  3103 | D:4      | Reached skill level 4 in Long Blades
  3103 | D:4      | Reached XP level 5. HP: 45/47 MP: 4/4
  3151 | D:4      | Reached skill level 5 in Long Blades
  3189 | D:4      | Reached skill level 5 in Armour
  3554 | D:5      | Entered Level 5 of the Dungeon
  3649 | D:5      | Reached XP level 6. HP: 47/53 MP: 5/5
  3805 | D:5      | Found a staircase to the Ecumenical Temple.
  3811 | Temple   | Entered the Ecumenical Temple
  3815 | Temple   | Became a worshipper of Warmaster Okawaru
  3836 | D:5      | Found a sparkling altar of Nemelex Xobeh.
  3898 | D:5      | Reached skill level 1 in Dodging
  3898 | D:5      | Reached skill level 5 in Shields
  3908 | D:5      | Reached skill level 5 in Fighting
  4212 | D:5      | Reached XP level 7. HP: 52/61 MP: 6/6
  4610 | D:6      | Reached * piety under Okawaru
  4611 | D:6      | Reached skill level 6 in Long Blades
  4759 | D:6      | Reached skill level 7 in Long Blades
  4759 | D:6      | Reached XP level 8. HP: 43/70 MP: 7/7
  4976 | D:6      | Reached ** piety under Okawaru
  5153 | D:6      | Reached skill level 8 in Long Blades
  5369 | D:7      | Found a shimmering blue altar of Sif Muna.
  5533 | D:7      | Reached *** piety under Okawaru
  5534 | D:7      | Reached skill level 9 in Long Blades
  5546 | D:7      | Reached XP level 9. HP: 45/76 MP: 8/8
  5669 | D:7      | Identified the +6 dagger of Egaesy {pain, Str+4}
  6053 | D:7      | Found a glowing golden altar of the Shining One.
  6148 | D:7      | Found a bloodstained altar of Trog.
  6220 | D:8      | Reached skill level 10 in Long Blades
  6471 | D:8      | Noticed a two-headed ogre
  6475 | D:8      | Killed a two-headed ogre
  6475 | D:8      | Reached **** piety under Okawaru
  6476 | D:8      | Reached skill level 1 in Evocations
  6847 | D:8      | Reached skill level 11 in Long Blades
  7286 | D:8      | Reached XP level 10. HP: 82/88 MP: 9/9
  7443 | D:9      | Noticed Prince Ribbit
  7463 | D:9      | Killed Prince Ribbit
  7516 | D:9      | Noticed Harold
  7979 | D:8      | Killed Harold
  7980 | D:8      | Reached skill level 12 in Long Blades
  8074 | D:9      | Noticed a catoblepas
  8127 | D:9      | HP: 4/91 [catoblepas (8)]
  8513 | D:10     | Entered Level 10 of the Dungeon
  8763 | D:9      | Reached skill level 10 in Armour
  8803 | D:9      | Reached skill level 1 in Invocations
  9438 | D:11     | Noticed a boulder beetle
  9518 | D:11     | Noticed a cyclops
  9519 | D:11     | Noticed a boulder beetle
  9912 | D:10     | Noticed a two-headed ogre
  9921 | D:10     | Killed a two-headed ogre
  9922 | D:10     | Reached XP level 11. HP: 77/97 MP: 7/10
 10156 | D:9      | Found a staircase to the Lair.
 10166 | Lair:1   | Entered Level 1 of the Lair of Beasts
 10322 | Lair:1   | You fall into a shaft and drop 1 floor!
 10353 | Lair:2   | Reached skill level 13 in Long Blades
 10395 | Lair:2   | HP: 1/97 [cane toad (17)]
 10402 | Lair:2   | HP: 1/97 [cane toad (12)]
 10402 | Lair:2   | Slain by a komodo dragon

Illustrated notes

Levels and vault maps discovered:
D:1:      dpeg_arrival_circle_labyrinth_c, layout_loops_ring,
          minmay_tromino_v4_a
D:2:      layout_basic, moated_statue, hex_tiny
D:3:      layout_basic
D:4:      layout_loops_corners, hangedman_abyss_or_decor_stabs,
          nicolae_shop_vocational, uniq_eustachio
D:5:      layout_gridville, old_standard_altar, minmay_temple_entry_grid,
          chequers_serial_rivers_small_a, hangedman_abyss_or_decor_lesser_grid
D:6:      layout_rooms
D:7:      layout_cave_pools, nicolae_overflow_hidden_temple,
          kennysheep_big_empty_room, dilly_guarded_unrand_morg
D:8:      layout_loops_corners
D:9:      layout_rooms, hellmonk_lair_entry_icy, blue_anna_alchemist,
          uniq_harold, uniq_prince_ribbit1
D:10:     layout_gridville
D:11:     layout_gridville, erik_orc_4,
          nicolae_gozag_cash_rules_everything_around_me
Temple:   nicolae_temple_x_marks_the_god
Lair:1:   layout_regular_city, hangedman_tree_tricks, st_stairs_11,
          serial_bayou_shore_a
Lair:2:   nzn_winding_woodlands_small [nzn_winding_woodlands_5x15_eye,
          nzn_winding_woodlands_center_lodge,
          nzn_winding_woodlands_5x15_crooked], layout_loops_ring,
          elwin_shoals_entry_rooms, infiniplex_staircase_pool

Skill      XL: |  1  2  3  4  5  6  7  8  9 10 11 |
---------------+----------------------------------+-----
Fighting       | 4 5 6 7 9 |  9.6
Armour         | 4 5 6 7 8 10 | 10.9
Shields        | 4 5 6 7 8 9 |  9.0
Long Blades    | 3 4 5 7 9 11 12 13 | 13.0
Dodging        | 1 2 3 4 |  4.0
Evocations     | 1 |  1.7
Invocations    | 1 |  1.6
Stealth        | |  0.4

Action                     |  1- 3 |  4- 6 |  7- 9 | 10-12 || total
---------------------------+-------+-------+-------+-------++-------
  Melee: Long sword        |   109 |   144 |   365 |   352 ||   970
         Headbutt          |    15 |    22 |    79 |   100 ||   216
 Invoke: Heroism           |       |       |     1 |    11 ||    12
  Evoke: Wand              |       |       |     9 |    10 ||    19
    Use: Scroll            |     6 |     4 |     3 |     2 ||    15
         Potion            |     2 |       |       |    11 ||    13
 Armour: Scale mail        |    59 |    12 |       |       ||    71
         Chain mail        |       |    79 |    80 |   114 ||   273
         Plate armour      |       |       |   120 |    80 ||   200
  Dodge: Dodged            |    37 |    73 |   112 |   172 ||   394
  Block: Buckler           |    31 |    24 |    93 |    92 ||   240
         Kite shield       |       |       |       |    90 ||    90
